 Dungeon Crawl Stone Soup version 0.32-a0-35-gd9ff480968 (webtiles) character file.

Game seed: 5482038668231115242

0 BobJudy the Chopper (level 1, -2/19 HPs)
             Began as a Minotaur Monk on Jan 22, 2024.
             Slain by Terence
             ... wielding a +0 morningstar
              (6 damage)
             ... on level 2 of the Dungeon.
             The game lasted 00:00:13 (217 turns).

BobJudy the Chopper (Minotaur Monk)                  Turns: 217, Time: 00:00:14

Health: -2/19      AC:  2    Str: 15    XL:     1   Next: 0%
Magic:  0/0        EV:  6    Int:  7    God:
Gold:   0          SH:  0    Dex: 12    Spells: 0/0 levels left

rFire   . . .        a - +0 hand axe
rCold   . . .        d - orb {light}
rNeg    . . .        b - +0 robe
rPois   .            (helmet restricted)
rElec   .            (no cloak)
rCorr   .            (no gloves)
SInv    .            (no boots)
Will    .....        (no amulet)
Stlth   +            (no ring)
HPRegen 0.23/turn    (no ring)
MPRegen 0.07/turn

%: no passive effects
@: held, glowing
A: horns 2, retaliatory headbutt
a: no special abilities


You were on level 2 of the Dungeon.
You visited 1 branch of the dungeon, and saw 2 of its levels.

Inventory:

Hand Weapons
 a - a +0 hand axe (weapon)
Armour
 b - a +0 robe (worn)
 d - an orb of light (worn)
Potions
 c - a potion of ambrosia


   Skills:
 + Level 3.6 Fighting
 * Level 3.6 Axes
 + Level 3.2 Dodging


You couldn't memorise any spells.
You didn't know any spells.
Your spell library was empty.

Dungeon Overview and Level Annotations

Branches:
Dungeon (2/15)

Altars:

Annotations:
D:2 Terence


Innate Abilities, Weirdness & Mutations

You have a pair of horns on your head.
You reflexively headbutt those who attack you in melee.


Message History

You are caught in a web!
You are caught in a web!
You are caught in a web!
You are caught in a web!
You are caught in a web!
You are caught in a web!
Unknown command.
You are caught in a web!
Unknown command.
You are caught in a web!
Unknown command.
The web tears apart.
The ribbon worm bites you.
Found 2 gold pieces.
The ribbon worm bites you!
You see here 15 gold pieces.
You hit Terence.
Terence is lightly wounded.
You hit the ribbon worm but do no damage.
Terence hits you with a +0 morningstar. The ribbon worm closely misses you.
You furiously retaliate!
You headbutt the ribbon worm. You hit Terence.
Terence is moderately wounded.
You hit the ribbon worm but do no damage.
You hit the frilled lizard but do no damage.
Terence barely misses you. The frilled lizard closely misses you.
You barely miss Terence. You headbutt Terence, but do no damage.
Terence is moderately wounded.
You hit the ribbon worm. You hit the frilled lizard. The ribbon worm bites you.
Terence hits you with a +0 morningstar.
* * * LOW HITPOINT WARNING * * *
The frilled lizard barely misses you.
Unknown command.
You hit the ribbon worm.
The ribbon worm is heavily wounded.
You hit Terence but do no damage. You hit the frilled lizard.
You kill the frilled lizard!
The ribbon worm expels a string of sticky webbing.
The stream of webbing hits you but does no damage.
You are caught in a web!
Terence hits you with a +0 morningstar.
You die...
Terence says, "Time to find some more victims."

..$.... ......!.
.#....)..
...#...$#
.......########.
.................
#..##..?...[.....
........†.w......
.####.<#@#..##..
#..#@.......
#...........
#.........##
#.<........#
............
.#...........
$#......#.....


You could see Terence and a ribbon worm (catching breath).

Vanquished Creatures
  A frilled lizard (D:2)
1 creature vanquished.

Notes
Turn   | Place    | Note
-------+----------+-------------------------------------------
     0 | D:1      | BobJudy the Minotaur Monk began the quest for the Orb.
     0 | D:1      | Reached XP level 1. HP: 19/19 MP: 0/0
   208 | D:2      | Noticed Terence
   217 | D:2      | Slain by Terence

Illustrated notes

Levels and vault maps discovered:
D:1:      dpeg_arrival_water_fire, layout_rooms, dk_noncrumbling_2,
          minmay_tetromino_o2
D:2:      layout_rooms, basic_altar, nicolae_shop_vocational, uniq_terence

Action                     || total
---------------------------++-------
  Melee: Hand axe          ||     5
         Headbutt          ||     1
 Armour: Robe              ||     6
  Dodge: Dodged            ||     4

Table legend: (Time is in decaauts)
 A = Elapsed time spent in this place.
 B = Non-inter-level travel time spent in this place.
 C = Inter-level travel time spent in this place.
 D = Time resting spent in this place.
 E = Time spent auto-exploring this place.
 F = Levels seen in this place.
 G = Mean time per level.
                   A        B        C        D        E       F      G
               +--------+--------+--------+--------+--------+-----+--------+
         Total |    217 |    195 |     22 |      0 |    186 |   2 |  108.5 |
       Dungeon |    217 |    195 |     22 |      0 |    186 |   2 |  108.5 |
               +--------+--------+--------+--------+--------+-----+--------+

Top non-repeatable levels by time:
     D:1: 208 daAuts
     D:2: 9 daAuts
